Map: [ESL] Dragon Scales

Players

MarsBar

  • Race: Zerg Zerg
  • Spawn Location: 11:00

ShaDoWn - Winner!

  • Race: Protoss Protoss
  • Spawn Location: 5:00

Event: ESL SC2 Masters 2023 Summer (Finals)

VOD

Have the link to the VOD?

Description

Time

  • Played on: June 16, 2023, 5:20 a.m.
  • Length: 4:33

All games in this series

Show
View Real Time Build Order
Export as new Build Order

MarsBar Zerg 

Build Orders: Pool Only 

Get SALT Encoding   

  12  0:00  Drone  
  13  0:14  Extractor  
  12  0:23  Spawning Pool  
  12  0:28  Drone  
  12  0:33  Drone  
  13  0:40  Drone  
  14  0:49  Overlord  
  14  1:11  Zergling x4  
  16  1:12  Zergling x2  
  16  1:17  Metabolic Boost  
  17  1:24  Queen  
  19  1:33  Drone  
  20  1:42  Roach Warren  
  19  1:49  Zergling x2  
  19  1:51  Zergling x2  
  21  1:56  Drone  
  22  2:12  Overlord  
  22  2:17  Overlord  
  21  2:33  Roach  
  23  2:43  Roach x3  
  29  2:46  Roach  
  31  2:56  Overlord  
  31  3:08  Ravager  
  31  3:12  Ravager  
  33  3:16  Zergling x4  
  35  3:24  Zergling x6  
  38  3:32  Zergling x2  
  39  3:42  Ravager  
  39  3:44  Zergling x2  
  41  3:52  Zergling x2  
  36  4:11  Zergling x6  
Show
View Real Time Build Order
Export as new Build Order

ShaDoWn Protoss - Winner!

Build Orders: 1 Gate Expand 

Get SALT Encoding   

  12  0:00  Probe  
  13  0:12  Probe  
  14  0:22  Pylon  
  14  0:24  Probe  
  15  0:40  Probe (Chrono Boost), Gateway  
  16  0:44  Assimilator  
  17  0:50  Probe (Chrono Boost)  
  17  0:55  Probe (Chrono Boost)  
  18  1:06  Probe  
  19  1:18  Probe  
  20  1:28  Cybernetics Core  
  20  1:34  Nexus  
  20  1:39  Zealot (Chrono Boost)  
  22  1:46  Pylon  
  22  1:50  Probe  
  23  2:02  Adept (Chrono Boost)  
  23  2:04  Probe  
  26  2:09  Warp Gate  
  26  2:12  Assimilator  
  26  2:16  Probe  
  26  2:18  Shield Battery  
  27  2:24  Stalker (Chrono Boost)  
  27  2:28  Probe  
  30  2:40  Probe  
  31  2:48  Probe, Adept (Chrono Boost)  
  34  2:52  Probe  
  34  2:54  Gateway  
  35  3:00  Probe  
  35  3:04  Probe  
  37  3:09  Gateway  
  37  3:12  Probe  
  38  3:17  Probe  
  39  3:23  Gateway  
  39  3:24  Probe  
  40  3:28  Pylon  
  40  3:30  Probe  
  41  3:36  Probe  
  42  3:42  Probe  
  42  3:44  Twilight Council  
  45  3:57  Stalker x2  
  46  4:07  Stalker  
  46  4:20  Stalker x3  
  46  4:23  Pylon  
Tags
 
Add a new tag
Caveats
  • Supply blocks, unpowered buildings, or Contaminate may cause inaccurate times.
  • Supply counts are checked every 10 seconds.